 Dungeon Crawl Stone Soup version 0.28.0-43-g3370ac3207 (webtiles) character file.

Game seed: 17289567981352715187

203 sizableburger the Shooter (level 5, 0/37 HPs)
             Began as a Demonspawn Hunter on Mar 10, 2022.
             Was a Follower of Hepliaklqana.
             Succumbed to an adder's poison
             ... on level 3 of the Dungeon.
             The game lasted 00:07:16 (2849 turns).

sizableburger the Shooter (Demonspawn Hunter)       Turns: 2849, Time: 00:07:17

Health: 0/37       AC:  3    Str: 14 (15) XL:     5   Next: 51%
Magic:  2/5        EV: 12    Int: 10 (12) God:    Hepliaklqana [*.....]
Gold:   140        SH:  0    Dex: 12 (13) Spells: 4/4 levels left

rFire   . . .      SeeInvis .   a - +1 shortbow
rCold   + . .      Faith    .   (shield currently unavailable)
rNeg    . . .      Spirit   +   c - +0 leather armour
rPois   .          Reflect  .   (no helmet)
rElec   .          Harm     +   i - scarf {harm}
rCorr   .          Rampage  .   (no gloves)
Will    .....                   (no boots)
Stlth   +.........              (no amulet)
HPRegen 0.12/turn               j - ring of protection from cold
MPRegen 0.18/turn               (no ring)

@: lethally poisoned (0 -> -4), flying, invisible
A: reduced essence, magic shield, magic regeneration
a: Renounce Religion, Recall Ancestor, Ancestor Identity


You were on level 3 of the Dungeon.
You worshipped Hepliaklqana.
Hepliaklqana was aware of your devotion.
You visited 1 branch of the dungeon, and saw 3 of its levels.

You collected 140 gold pieces.

Inventory:

Hand Weapons
 a - a +1 shortbow (weapon)
 n - a +0 quarterstaff
Missiles
 d - 20 arrows (quivered ammo)
Armour
 c - a +0 leather armour (worn)
 i - a scarf of harm (worn)
Jewellery
 j - a ring of protection from cold (left hand)
 m - a ring of fire
Scrolls
 e - a scroll of brand weapon
 g - a scroll of fog {unknown}
 h - a scroll of identify
Potions
 l - a potion of might


   Skills:
 + Level 3.7 Fighting
 - Level 1.4(1.7) Maces & Flails
 + Level 1.3(1.7) Staves
 + Level 4.6 Bows
 - Level 2.3 Dodging
 - Level 0.8 Stealth


You had 4 spell levels left.
You didn't know any spells.
Your spell library contained the following spells:

 Spells                   Type           Power      Damage    Failure   Level
 Call Canine Familiar     Summ           0%         N/A       82%         3
 Portal Projectile        Hex/Tloc       0%         N/A       82%         3
 Tukima's Dance           Hex            0%         N/A       82%         3
 Anguish                  Hex/Necr       0%         N/A       99%         4
 Leda's Liquefaction      Hex/Erth       0%         N/A       99%         4
 Enfeeble                 Hex            0%         N/A       100%        7


Dungeon Overview and Level Annotations

Branches:
Dungeon (3/15)

Altars:
Hepliaklqana


Innate Abilities, Weirdness & Mutations

Your life essence is reduced to manifest your ancestor. (-10% HP)
When hurt, damage is shared between your health and your magic reserves.
You regenerate magic rapidly.


Message History

Rivers Cuomo is smitten.
Rivers Cuomo is destroyed!
An orc comes into view. It is wielding a +0 club.
The orc moves out of view.
Okay, then.
The adder bites you.
You are poisoned.
The adder poisons you!
You feel sick.
You feel sick.
You feel sick.
It was a potion of invisibility.
You fade into invisibility!
You feel sick. The adder bites you.
* * * LOW HITPOINT WARNING * * *
You are more poisoned.
The adder poisons you! The adder bites you.
You are lethally poisoned!
The adder poisons you!
It was a potion of flight.
You feel very buoyant.
You fly up into the air.
* * * LOW HITPOINT WARNING * * *
You feel sick. The adder barely misses you.
It was a potion of degeneration.
There was something very wrong with that liquid.
You feel weakened.
You feel dopey.
You feel clumsy.
* * * LOW HITPOINT WARNING * * *
You feel very sick. The adder barely misses you.
As you read the scroll labelled OFURIO JONO, it crumbles to dust.
It is a scroll of identify.
e - a scroll of brand weapon
* * * LOW HITPOINT WARNING * * *
You feel sick. The adder closely misses you.
* * * LOW HITPOINT WARNING * * *
You feel sick. The adder bites you.
Okay, then.
You aren't carrying any items that you can evoke.
You die...

##....#...##.##...#..#..####.##
....#.#.#......o#.#.##.... o(
#...#...##.###.##...###..###(#
#...#.#...........#.# #.....(#
#.....##.###.###.##...+....o.#
#...#........o......###.(..(.#
#...##.###.###S###.## #......# .
#......# ######.#######......##..
####'### #......@.....#..........
#.# #.####....##.#R.....##.
####'##### #........# #.#o....+..
..)......# #.##.....# #R##.#.##..
###.)....#.#.##.....# #..........
.........#.#.##.....# ####.#.##.#
.........#.#.##.....#+####.#.##.#
.[.......#.#.##.........##...##.#
.......[.#.#.##.........###o.##.#


You could see an adder and an orc.

Vanquished Creatures
  Jessica (D:3)
  Natasha (D:2)
  A hound skeleton (D:2)
  A gnoll (D:1)
  3 orcs (D:3)
  2 ball pythons
  3 endoplasms
  A giant cockroach (D:3)
  4 goblins
  A hobgoblin (D:1)
  2 jackals (D:2)
  2 quokkas
  6 bats
  4 frilled lizards
  5 kobolds
  4 rats
41 creatures vanquished.

Vanquished Creatures (collateral kills)
  2 orc priests (D:3)
  Natasha (D:2)
  A hobgoblin (D:2)
  2 jackals (D:2)
  A quokka (D:2)
  A ball python (D:2)
  A frilled lizard (D:2)
9 creatures vanquished.

Vanquished Creatures (others)
  2 ancestors (D:3)
2 creatures vanquished.

Grand Total: 52 creatures vanquished

Notes
Turn   | Place    | Note
-------+----------+-------------------------------------------
     0 | D:1      | sizableburger the Demonspawn Hunter began the quest for the
                  | Orb.
     0 | D:1      | Reached XP level 1. HP: 16/16 MP: 1/1
    70 | D:1      | Gained mutation: You regenerate magic rapidly. [demonic
                  | ancestry]
    70 | D:1      | Reached XP level 2. HP: 22/22 MP: 2/2
  1199 | D:1      | Reached XP level 3. HP: 28/28 MP: 3/3
  1325 | D:2      | Found a faded altar of an unknown god.
  1340 | D:2      | Prayed at the altar of an unknown god.
  1340 | D:2      | Became a worshipper of Hepliaklqana the Forgotten
  1340 | D:2      | Reached * piety under Hepliaklqana
  1447 | D:2      | Reached skill level 4 in Bows
  1462 | D:2      | Noticed Natasha
  1467 | D:2      | Killed Natasha
  1507 | D:2      | Reached skill level 1 in Maces & Flails
  1507 | D:2      | Reached XP level 4. HP: 27/31 MP: 4/4
  1824 | D:2      | Noticed Natasha
  1832 | D:2      | Killed Natasha
  2271 | D:3      | Noticed Jessica
  2284 | D:3      | Killed Jessica
  2285 | D:3      | Gained mutation: When hurt, damage is shared between your
                  | health and your magic reserves. [demonic ancestry]
  2285 | D:3      | Reached XP level 5. HP: 22/36 MP: 5/5
  2581 | D:3      | Reached skill level 1 in Staves
  2848 | D:3      | HP: 1/37 [poisoned by an adder]
  2849 | D:3      | Succumbed to an adder's poison

Illustrated notes

Levels and vault maps discovered:
D:1:      nzn_arrival_depleted_hourglass, layout_rooms, minmay_heptomino_l4
D:2:      layout_loops_ring, shapermc_ecumenical_altar_totnotflames,
          uniq_natasha
D:3:      layout_basic, nicolae_concentric_dashed_squares_wild,
          corexii_hall_statues_l, uniq_jessica

Skill      XL: |  1  2  3  4  5 |
---------------+----------------+-----
Dodging        | 2 |  2.3
Bows           | 4 |  4.6
Fighting       | 3 |  3.7
Maces & Flails | 1 |  1.4
Staves         | 1 |  1.3
Stealth        | |  0.8

Action                   |  1- 3 |  4- 6 || total
-------------------------+-------+-------++-------
Melee: Dagger            |    39 |       ||    39
       Short sword       |    12 |       ||    12
       Whip              |    19 |    15 ||    34
       Punch             |     1 |     2 ||     3
       Quarterstaff      |       |     9 ||     9
 Fire: Shortbow          |    36 |    35 ||    71
Invok: Ancestor Identity |     1 |       ||     1
       Recall Ancestor   |       |     1 ||     1
  Use: Potion            |       |     3 ||     3
       Scroll            |       |     1 ||     1
 Stab: Distracted        |     1 |       ||     1
Armor: Leather armour    |    31 |     7 ||    38
Dodge: Dodged            |    55 |    26 ||    81
